AoeStats
← lamanito6

Arena

506332380Analyzed
4v4 RM · 19d ago on Sep 13, 2026· 40m 11s· 8 players
Game mode
Random Map
Map size
Large (8 player)
Population
200
Speed
Normal
Resources
Standard
Victory
Conquest
Starting age
Dark Age
Ending age
Imperial Age
RankedLock teamsTeams togetherTeam positionsShared explorationLock speedFull tech treeHidden civsTurbo modeCheats
Victory
Defeat
🇨🇳 Romans · China
1269
+11
🇨🇳 Bohemians · China
1121
+17
🇨🇳 Teutons · China
1034
+21
🇨🇳 Turks · China
968
+24
🇨🇭 Vikings · Switzerland
1173
-19
🇹🇼 Mongols · Taiwan
1151
-18
🇪🇸 Aztecs · Spain
1143
-18
🇨🇳 Hindustanis · China
1138
-18
夜部落
0:25 Loom
9:28 Feudal Age
14:55 Castle Age
14:39 Horse Collar
15:15 Double-Bit Axe
17:06 Bow Saw
18:13 Fletching
25:50 Gold Mining
28:05 Wheelbarrow
28:41 Scale Barding Armor
28:47 Forging
30:17 Gold Shaft Mining
30:44 Chain Barding Armor
30:51 Heavy Plow
34:50 Imperial Age
33:00 Bodkin Arrow
33:40 Iron Casting
33:10 Stone Mining
33:37 Husbandry
33:48 Bloodlines
35:57 Hand Cart
35:05 Heavy Camel Rider
35:49 Elite Skirmisher
37:17 Plate Barding Armor
37:42 Blast Furnace
38:49 Imperial Camel Rider
39:33 Murder Holes
40:00 Ballistics
40:41 Chemistry
40:43 Grand Trunk Road
lamanito6
11:02 Feudal Age
10:01 Loom
11:33 Double-Bit Axe
11:29 Horse Collar
17:17 Castle Age
17:40 Stone Mining
17:43 Gold Mining
18:44 Wheelbarrow
23:28 Forging
23:19 Scale Mail Armor
28:13 Imperial Age
27:48 Heavy Plow
30:15 Iron Casting
29:56 Chain Mail Armor
29:43 Squires
29:29 Arson
30:36 Garland Wars
29:56 Capped Ram
32:59 Blast Furnace
33:32 Elite Jaguar Warrior
35:40 Plate Mail Armor
Lord Frank
11:01 Feudal Age
14:56 Castle Age
12:51 Horse Collar
13:53 Double-Bit Axe
17:37 Town Watch
21:36 Heavy Plow
21:49 Bow Saw
23:12 Loom
23:51 Stone Mining
23:51 Gold Mining
26:07 Fletching
29:38 Imperial Age
27:30 Padded Archer Armor
27:50 Bodkin Arrow
27:48 Crossbowman
29:32 Leather Archer Armor
29:42 Ballistics
30:47 Conscription
30:01 Arbalester
32:07 Chemistry
30:44 Man-at-Arms
33:22 Bracer
Alexander
9:51 Feudal Age
15:22 Fletching
19:00 Castle Age
22:34 Loom
25:00 Double-Bit Axe
27:13 Horse Collar
30:55 Bow Saw
37:06 Imperial Age
35:30 Thumb Ring
mangudai
9:53 Feudal Age
13:35 Castle Age
11:37 Double-Bit Axe
13:00 Horse Collar
14:59 Bow Saw
19:52 Town Watch
22:14 Wheelbarrow
22:46 Heavy Plow
23:27 Gold Mining
24:14 Loom
24:47 Hand Cart
25:32 Gold Shaft Mining
28:11 Imperial Age
25:55 Forging
25:50 Scale Barding Armor
25:55 Forging
25:51 Scale Barding Armor
25:56 Forging
26:09 Scale Mail Armor
26:21 Man-at-Arms
27:02 Squires
27:38 Iron Casting
27:43 Chain Mail Armor
27:11 Long Swordsman
28:30 Ballistics
29:26 Conscription
30:07 Blast Furnace
28:29 Legionary
28:32 Capped Ram
29:26 Siege Ram
29:41 Pikeman
30:53 Heavy Scorpion
31:48 Stone Mining
32:42 Ballistas
33:39 Chemistry
32:50 Siege Engineers
34:10 Halberdier
38:10 Coinage
39:41 Town Patrol
39:53 Fortified Wall
39:54 Masonry
39:39 Murder Holes
Otto der Große
6:33 Loom
10:02 Feudal Age
13:06 Wheelbarrow
12:47 Fletching
22:15 Castle Age
20:39 Double-Bit Axe
20:38 Horse Collar
31:37 Imperial Age
30:47 Heavy Plow
30:58 Bow Saw
32:02 Hand Cart
32:49 Conscription
35:23 Siege Engineers
路一司
10:38 Feudal Age
14:22 Castle Age
12:45 Double-Bit Axe
12:49 Horse Collar
22:19 Wheelbarrow
23:59 Hand Cart
24:09 Bow Saw
24:46 Pikeman
25:29 Squires
25:33 Scale Mail Armor
30:06 Imperial Age
27:24 Loom
27:25 Town Watch
30:16 Wagenburg Tactics
30:20 Town Patrol
32:47 Chemistry
32:10 Ballistics
31:58 Siege Engineers
32:30 Heavy Plow
33:32 Two-Man Saw
33:26 Conscription
33:18 Elite Hussite Wagon
34:40 Houfnice
35:08 Halberdier
Eleangt
11:12 Feudal Age
12:49 Double-Bit Axe
15:57 Castle Age
14:25 Horse Collar
15:39 Loom
17:06 Heavy Plow
17:20 Bow Saw
20:40 Wheelbarrow
21:46 Town Watch
25:19 Hand Cart
26:05 Gold Mining
29:22 Imperial Age
27:31 Fletching
28:14 Bloodlines
28:04 Husbandry
28:06 Padded Archer Armor
28:30 Ballistics
27:50 Treadmill Crane
29:14 Leather Archer Armor
28:55 Bodkin Arrow
29:07 Thumb Ring
30:21 Gold Shaft Mining
29:40 Stone Mining
30:24 Guilds
31:05 Bracer
31:36 Ring Archer Armor
31:31 Scale Barding Armor
32:39 Two-Man Saw
33:02 Sipahi
33:03 Conscription
32:43 Artillery
33:19 Hoardings
33:14 Heavy Cavalry Archer
34:19 Parthian Tactics
34:43 Parthian Tactics
34:52 Coinage
35:02 Bombard Tower
34:53 Masonry
36:14 Chain Barding Armor
36:04 Forging
36:33 Banking
38:57 Fortified Wall
39:18 Architecture
38:43 Murder Holes
39:54 Plate Barding Armor
39:54 Iron Casting
Connection lost

Rejoining the realm…

Still unreachable

The connection could not be restored.

Session expired

The server has moved on; the page needs a fresh start.